AoeStats
← valentindumitrasko

Arabian Desert

510632151Analyzed
1v1 RM · 1d ago on Oct 1, 2026· 37m 25s· 2 players
Game mode
Random Map
Map size
Tiny (2 player)
Population
200
Speed
Normal
Resources
Standard
Victory
Conquest
Starting age
Dark Age
Ending age
Imperial Age
RankedLock teamsTeams togetherTeam positionsShared explorationLock speedFull tech treeHidden civsTurbo modeCheats
Victory
Defeat
🇦🇷 Poles · Argentina
605
+12
🇲🇩 Varangians · Moldova
525
-12
valentindumitrasko
10:28 Feudal Age
12:41 Double-Bit Axe
14:20 Loom
17:11 Castle Age
17:38 Horse Collar
19:25 Bloodlines
21:53 Light Cavalry
24:28 Heavy Plow
25:29 Gold Mining
27:14 Wheelbarrow
29:18 Squires
28:38 Pikeman
31:33 Scale Barding Armor
31:33 Scale Mail Armor
36:23 Chain Barding Armor
LaChalaJose
7:26 Loom
10:55 Feudal Age
17:40 Castle Age
17:07 Double-Bit Axe
17:49 Horse Collar
27:26 Bloodlines
27:31 Forging
29:42 Scale Barding Armor
31:52 Iron Casting
32:15 Chain Barding Armor
33:42 Husbandry
34:37 Fletching
35:01 Gold Mining
35:24 Bow Saw
35:21 Heavy Plow
36:33 Wheelbarrow
37:00 Szlachta Privileges
40:15 Imperial Age
Connection lost

Rejoining the realm…

Still unreachable

The connection could not be restored.

Session expired

The server has moved on; the page needs a fresh start.